 Dungeon Crawl Stone Soup version 0.31-a0-325-g067879e3d3 (webtiles) character file.

Game seed: 12048265430578360028

525 AIAndy the Ruffian (level 7, -2/27 HPs)
             Began as an Octopode Shapeshifter on July 18, 2023.
             Was a Follower of Nemelex Xobeh.
             Splashed by a jelly's acid (7 damage)
             ... on level 5 of the Dungeon.
             The game lasted 00:09:26 (4362 turns).

AIAndy the Ruffian (Octopode Shapeshifter)          Turns: 4362, Time: 00:09:28

Health: -2/27      AC: -5    Str: 16    XL:     7   Next: 23%
Magic:  8/8        EV: 13    Int: 11    God:    Nemelex Xobeh [*.....]
Gold:   275        SH:  0    Dex: 12    Spells: 6/6 levels left

rFire   + .          .
                       - Unarmed
rCold   . . .        (no shield)
rNeg    . . .        r - +2 hat
rPois   +            (no amulet)
rElec   .            F - ring of protection from fire
rCorr   .            P - ring of poison resistance
SInv    .            (no ring)
Will    .....        (no ring)
Stlth   ++           (no ring)
HPRegen 0.24/turn    (no ring)
MPRegen 0.11/turn    (no ring)
                     (no ring)

%: no passive effects
@: maw-form, corroded
A: devouring maw, reduced hp, almost no armour, amphibious, 8 rings, camouflage
1, gelatinous body 1, (nimble swimmer 1), tentacles
a: Begin Untransformation, Renounce Religion, Draw Escape, Draw Destruction,
Draw Summoning


You were on level 5 of the Dungeon.
You worshipped Nemelex Xobeh.
Nemelex Xobeh was aware of your devotion.
You were a creature with a mouth for a stomach.
You visited 2 branches of the dungeon, and saw 7 of its levels.

You collected 275 gold pieces.


Innate Abilities, Weirdness & Mutations

You are a creature with a mouth for a stomach.
Your midsection houses a second, enormous mouth.
Your maximum health is decreased, since you lack skill for your form.
You cannot wear most types of armour.
You are amphibious.
You can wear up to eight rings at the same time.
Your skin changes colour to match your surroundings (Stealth+).
Your rubbery body absorbs attacks. (AC +1, EV +1)
((You are camouflaged when in or above water. (Stealth+)))
You have tentacles for arms and can constrict up to eight enemies at once.


   Skills:
 - Level 2.0 Fighting
 - Level 2.0 Dodging
 + Level 5.3 Unarmed Combat
 + Level 2.1 Invocations
 + Level 5.1 Shapeshifting


You had 6 spell levels left.
You didn't know any spells.
Your spell library was empty.

Inventory:

Missiles
 e - 4 curare-tipped darts {=f}
 k - 6 boomerangs
 o - 2 poisoned darts
Armour
 f - an orb of light
 r - a +2 hat (worn)
Jewellery
 F - a ring of protection from fire (left tentacle)
 P - a ring of poison resistance (right tentacle)
Talismans
 b - a beast talisman
 t - a maw talisman
Wands
 i - a wand of roots (6)
Scrolls
 c - 5 scrolls of identify {unknown}
 d - a scroll of immolation {unknown}
 j - a scroll of silence {unknown}
 l - 2 scrolls of vulnerability {unknown}
 n - a scroll of teleportation {unknown}
 q - a scroll of acquirement {unknown}
 s - a scroll of enchant armour {unknown}
Potions
 a - a potion of lignification {!q}
 g - a potion of enlightenment {unknown}
 h - 2 potions of curing {unknown}
 m - a potion of resistance {unknown}
 p - a potion of brilliance {unknown}

Dungeon Overview and Level Annotations

Branches:
Dungeon (6/15)             Temple (1/1) D:4

Altars:
Ashenzari
Cheibriados
Dithmenos
Elyvilon
Fedhas
Gozag
Hepliaklqana
Kikubaaqudgha
Makhleb
Nemelex Xobeh
Okawaru
Qazlal
Sif Muna
Trog
Uskayaw
Vehumet
Wu Jian
Xom
Yredelemnul
Zin
The Shining One

Shops:
D:2 *

Annotations:
D:4 1 runed translucent door, Crazy Yiuf

#### ####### ...#
#.....######## ...#
#.....#J...... ...#
#.....W....... ...#
#.....#.......
...########.....#.......
...........######.......
...........#...##########
###........#...##.......#
#......>.#............#########
#........#............#........
#........'.....................


You could see a jelly.


Message History

Found two stone staircases leading down.
There is an open door here.
Found a maw talisman.
Nemelex will now gift you decks of power as you gain piety.
You see here a maw talisman.
t - a maw talisman Your transformation has ended.
Your +2 hat unmelds from your body.
You turn into a creature with a mouth for a stomach.
You open the door.
A jelly comes into view.
There is an open door here.
The helpless jelly fails to defend itself.
You tentacle-slap the jelly. The acid corrodes you!
Your tentacles burn!
You squeeze the jelly.
The jelly is heavily wounded.
You tentacle-slap the jelly but do no damage.
The acid corrodes you!
Your tentacles burn!
The jelly is heavily wounded.
The jelly hits you.
You are splashed with acid!
* * * LOW HITPOINT WARNING * * *
You tentacle-slap the jelly.
Your tentacles burn!
* * * LOW HITPOINT WARNING * * *
You bite the jelly, but do no damage.
The jelly is severely wounded.
The jelly hits you.
* * * LOW HITPOINT WARNING * * *
You are splashed with acid!
You die...
Your body disappears without a glow.

Skill      XL: |  1  2  3  4  5  6  7 |
---------------+----------------------+-----
Unarmed Combat | 3 4 5 |  5.3
Shapeshifting  | 4 5 |  5.1
Invocations    | 1 2 |  2.1
Fighting       | |  2.0
Dodging        | |  2.0

Action                     |  1- 3 |  4- 6 |  7- 9 || total
---------------------------+-------+-------+-------++-------
  Melee: Unarmed           |    66 |   107 |    12 ||   185
         Constrict         |    16 |    21 |     4 ||    41
         Punch             |     4 |     2 |       ||     6
         Tentacles         |    10 |    22 |     5 ||    37
         Maw               |       |       |     1 ||     1
    Use: Potion            |       |     3 |       ||     3
   Stab: Sleeping          |    17 |     4 |     1 ||    22
 Armour: Skin              |     3 |    47 |       ||    50
  Dodge: Dodged            |    25 |    59 |     8 ||    92
         Form:             |       |     1 |       ||     1
         Beast             |       |     1 |       ||     1
         Maw               |       |       |     1 ||     1

Levels and vault maps discovered:
D:1:      dpeg_arrival_tiny_f, layout_basic, hex_intersection,
          minmay_split_cup_large
D:2:      layout_loops_ring, dreamdust_ecumenical_altar_hidden_monk_grotto,
          serial_shops, nicolae_shop_tiny_real_fake_doors
D:3:      layout_loops_cross, serial_co_window_serial, co_window_paths_a,
          co_window_corner_a, co_window_paths_a, co_window_paths_b,
          co_window_paths_b, co_window_unsneaky_path_b,
          co_window_unsneaky_path_a, co_window_broadway_c, glass_columns_a,
          glass_columns_c, glass_columns_a, glass_columns_a, glass_columns_b
D:4:      layout_basic, minmay_temple_entry_junction, uniq_crazy_yiuf_cottage
D:5:      lemuel_ratsnest, layout_gridville
D:6:      layout_basic, hangedman_abyss_or_decor_lesser_grid, uniq_blork_the_orc
Temple:   nicolae_temple_the_god_donut

Notes
Turn   | Place    | Note
-------+----------+-------------------------------------------
     0 | D:1      | AIAndy the Octopode Shapeshifter began the quest for the
                  | Orb.
     0 | D:1      | Reached XP level 1. HP: 14/14 MP: 1/1
   175 | D:1      | Reached XP level 2. HP: 19/19 MP: 2/2
  1027 | D:2      | Reached XP level 3. HP: 24/24 MP: 3/3
  1182 | D:2      | Reached skill level 3 in Unarmed Combat
  1343 | D:2      | Found Ucirph's General Store.
  1438 | D:2      | Found a faded altar of an unknown god.
  1900 | D:3      | Reached XP level 4. HP: 29/29 MP: 4/4
  2219 | D:3      | Reached skill level 4 in Shapeshifting
  2219 | D:3      | Reached XP level 5. HP: 29/34 MP: 5/5
  2805 | D:4      | Found a staircase to the Ecumenical Temple.
  2869 | D:4      | Reached skill level 4 in Unarmed Combat
  3123 | D:4      | Noticed a black bear
  3128 | D:4      | Killed a black bear
  3129 | D:4      | Reached XP level 6. HP: 21/39 MP: 6/6
  3444 | Temple   | Entered the Ecumenical Temple
  3470 | Temple   | Became a worshipper of Nemelex Xobeh the Trickster
  3587 | D:4      | You fall into a shaft and drop 2 floors!
  3680 | D:5      | Entered Level 5 of the Dungeon
  3904 | D:4      | Reached skill level 5 in Unarmed Combat
  3904 | D:4      | Reached skill level 1 in Invocations
  4005 | D:4      | Found a runed translucent door.
  4006 | D:4      | Noticed Crazy Yiuf
  4215 | D:5      | Reached skill level 5 in Shapeshifting
  4215 | D:5      | Reached XP level 7. HP: 43/45 MP: 6/8
  4222 | D:5      | Reached skill level 2 in Invocations
  4310 | D:5      | Reached * piety under Nemelex Xobeh
  4362 | D:5      | Splashed by a jelly's acid

Vanquished Creatures
  A black bear (D:4)
  A scorpion (D:5)
  A hound (D:5)
  An orc priest (D:3)
  2 jellies
  An orc wizard (D:4)
  An iguana (D:4)
  4 gnolls (D:5)
  5 adders
  An ufetubus (D:6)
  3 worms
  2 dart slugs (D:2)
  5 orcs
  9 ball pythons
  9 endoplasms
  3 giant cockroaches
  8 goblins
  11 hobgoblins
  4 jackals (D:4)
  5 kobolds
  4 quokkas
  6 bats
  4 frilled lizards
  4 rats
95 creatures vanquished.

Table legend: (Time is in decaauts)
 A = Elapsed time spent in this place.
 B = Non-inter-level travel time spent in this place.
 C = Inter-level travel time spent in this place.
 D = Time resting spent in this place.
 E = Time spent auto-exploring this place.
 F = Levels seen in this place.
 G = Mean time per level.
                   A        B        C        D        E       F      G
               +--------+--------+--------+--------+--------+-----+--------+
         Total |   4347 |   4033 |    314 |      0 |   3297 |   7 |  621.0 |
       Dungeon |   4294 |   4030 |    264 |      0 |   3297 |   6 |  715.7 |
        Temple |     52 |      2 |     50 |      0 |      0 |   1 |   52.0 |
               +--------+--------+--------+--------+--------+-----+--------+

Top non-repeatable levels by time:
     D:4: 1130 daAuts
     D:3: 1046 daAuts
     D:1: 939 daAuts
     D:2: 812 daAuts
     D:5: 273 daAuts
     D:6: 92 daAuts
  Temple: 52 daAuts

Table legend:
 A = Non-vault XP
 B = Vault XP
 C = Vault XP percentage of total XP
 D = Non-vault monster count
 E = Vault monster count
 F = Vault count percentage of total count
                 A         B        C        D         E       F
            +---------+---------+-------+---------+---------+-------
      Total |     744 |       7 |   0.9 |      91 |       4 |   4.2
            +---------+---------+-------+---------+---------+-------
        D:1 |      22 |       7 |  24.1 |      13 |       4 |  23.5
        D:2 |      47 |       0 |   0.0 |      23 |       0 |   0.0
        D:3 |     112 |       0 |   0.0 |      21 |       0 |   0.0
        D:4 |     316 |       0 |   0.0 |      26 |       0 |   0.0
        D:5 |     239 |       0 |   0.0 |       7 |       0 |   0.0
        D:6 |       8 |       0 |   0.0 |       1 |       0 |   0.0
            +---------+---------+-------+---------+---------+-------
